 Dungeon Crawl Stone Soup version 0.29.1 (webtiles) character file.

Game seed: 17759886514791714430

670 qw the Cleaver (level 7, -3/90 HPs)
             Began as a Minotaur Berserker on Sept 13, 2022.
             Was a Believer of Trog.
             Slain by a gnoll
             ... wielding a +0 halberd
              (9 damage)
             ... on level 5 of the Dungeon.
             The game lasted 00:01:19 (4853 turns).

qw the Cleaver (Minotaur Berserker)                 Turns: 4853, Time: 00:01:19

Health: -3/90      AC: 13    Str: 23    XL:     7   Next: 32%
Magic:  6/6        EV:  7    Int:  4    God:    Trog [**....]
Gold:   178        SH:  0    Dex: 10    Spells: 6/6 levels left

rFire   + . .      SeeInvis .   Y - +0 war axe
rCold   . . .      Faith    .   (no shield)
rNeg    . . .      Spirit   .   m - +0 plate armour
rPois   .          Reflect  .   (helmet restricted)
rElec   .          Harm     .   (no cloak)
rCorr   .          Rampage  .   a - +0 pair of gloves
Will    .....                   (no boots)
Stlth   ..........              (no amulet)
HPRegen 0.25/turn               k - ring of protection from fire
MPRegen 0.10/turn               (no ring)

@: berserking, very quick
A: horns 2, retaliatory headbutt
a: Renounce Religion, Berserk, Trog's Hand


You were on level 5 of the Dungeon.
You worshipped Trog.
Trog was pleased with you.
You visited 1 branch of the dungeon, and saw 5 of its levels.

You collected 178 gold pieces.


Innate Abilities, Weirdness & Mutations

You have a pair of horns on your head.
You reflexively headbutt those who attack you in melee.


   Skills:
 + Level 4.4 Fighting
 - Level 9.4 Axes
 - Level 4.0 Armour
 - Level 2.1 Dodging


You had 6 spell levels left.
You didn't know any spells.
Your spell library was empty.

Inventory:

Hand Weapons
 c - a +3 vorpal flail
 Y - a +0 war axe (weapon)
Missiles
 h - 4 boomerangs (quivered)
Armour
 a - a +0 pair of gloves (worn)
 m - a +0 plate armour (worn)
Jewellery
 e - an amulet of faith
 k - a ring of protection from fire (left hand)
Wands
 i - a wand of digging (2)
Scrolls
 f - a scroll of identify
 l - a scroll of teleportation
Potions
 b - a potion of flight {unknown}
 d - a potion of heal wounds
 j - a potion of cancellation
 n - a potion of might
 o - a potion of curing {unknown}

Dungeon Overview and Level Annotations

Branches:
Dungeon (5/15)
 Temple: D:4-7

Altars:
Dithmenos
Ru
Uskayaw

Annotations:
D:3 2 transporters


Message History

You kill the gnoll!
Trog accepts your kill.
You hit the gnoll. You barely miss the gnoll. The gnoll barely misses you.
The gnoll hits you from afar with a +0 halberd.
The gnoll hits you with a +0 flail. The gnoll hits you but does no damage.
The gnoll closely misses you.
Your Armour skill increases to level 4!
You hit the gnoll. You headbutt the gnoll.
You kill the gnoll!
Trog accepts your kill.
You slash the gnoll! The gnoll hits you with a +0 flail.
The gnoll hits you from afar with a +0 halberd.
The gnoll hits you but does no damage. The gnoll barely misses you.
You hit the gnoll.
You kill the gnoll!
Trog accepts your kill.
Found 8 stones.
The gnoll hits you but does no damage. The gnoll hits you with a +0 spear.
The gnoll closely misses you. You furiously retaliate!
You headbutt the gnoll! The gnoll hits you but does no damage.
You hit the gnoll.
You kill the gnoll!
Trog accepts your kill.
You barely miss the gnoll. You closely miss the gnoll.
The gnoll hits you with a +0 spear. The gnoll closely misses you.
The gnoll hits you but does no damage.
You slash the gnoll!
You kill the gnoll!
Trog accepts your kill.
You barely miss the gnoll. You slash the gnoll!
The gnoll is severely wounded.
The gnoll hits you but does no damage. The gnoll completely misses you.
You slash the gnoll!
You kill the gnoll!
Trog accepts your kill.
The gnoll hits you from afar with a +0 halberd!
You die...

### ###...#
....(.....##### ..~~~..
............... ##~.~#
............... .#~.~#
............... ..~.~#
........[...... .....#
.......g....... .....#
......)))...... .....#
......)@)...... .....#
......).).##### #.####
#######'### #.##
##.####### #..##
######.(......#
##..######....#.#..##..#
###.............##..#..#
..###...........##..##.##
#.# ..#
#............#(.##..# #.#


You could see a gnoll.

Vanquished Creatures
  Edmund (D:4)
  A water moccasin (D:5)
  An ogre (D:5)
  2 jellies (D:4)
  2 iguanas (D:5)
  An orc wizard (D:3)
  4 adders
  11 gnolls
  An ufetubus (D:3)
  4 dart slugs
  3 orcs (D:3)
  5 bats
  9 endoplasms
  6 giant cockroaches
  5 goblins
  8 hobgoblins
  2 jackals (D:2)
  15 kobolds
  4 ball pythons
  5 frilled lizards
  7 rats
97 creatures vanquished.

Notes
Turn   | Place    | Note
-------+----------+-------------------------------------------
     0 | D:1      | qw the Minotaur Berserker began the quest for the Orb.
     0 | D:1      | Reached XP level 1. HP: 19/19 MP: 0/0
     0 | D:1      | 0 ||| qw: Version: 0.1-a-119-g272c26d
     0 | D:1      | 0 ||| qw: Game counter: 11269
     0 | D:1      | 0 ||| qw: Always use a shield: true
     0 | D:1      | 0 ||| qw: Do Orc after D:15 true
     0 | D:1      | 0 ||| qw: Do second Lair branch before Depths: true
     0 | D:1      | 0 ||| qw: Lair rune preference: random
     0 | D:1      | 0 ||| qw: Plans: Normal
     0 | D:1      | 0 ||| PLANNING D:1-11
   120 | D:1      | Reached skill level 4 in Axes
   125 | D:1      | 125 ||| Stepping ~*~*~tactically~*~*~ (stealth).
   126 | D:1      | 126 ||| Stepping ~*~*~tactically~*~*~ (stealth).
   127 | D:1      | 127 ||| Stepping ~*~*~tactically~*~*~ (stealth).
   172 | D:1      | Reached XP level 2. HP: 25/26 MP: 1/1
   256 | D:1      | 256 ||| SWAPPING to +0 war axe.
   259 | D:1      | 259 ||| DROPPING +0 hand axe.
   420 | D:1      | 420 ||| DROPPING +0 whip.
   421 | D:1      | 421 ||| DROPPING +0 club.
   533 | D:1      | You fall into a shaft and drop 1 floor!
   690 | D:2      | 690 ||| Stepping ~*~*~tactically~*~*~ (stealth).
   692 | D:2      | 692 ||| Stepping ~*~*~tactically~*~*~ (stealth).
   695 | D:2      | Reached skill level 5 in Axes
   696 | D:2      | Reached XP level 3. HP: 31/31 MP: 2/2
  1160 | D:2      | 1160 ||| UPGRADING to +0 pair of gloves.
  1165 | D:2      | 1165 ||| UPGRADING to ring of protection from fire.
  1166 | D:2      | 1166 ||| READING scroll labelled JUTIPI OCZUWYA.
  1167 | D:2      | 1167 ||| READING scroll labelled HEISKIMEOFF.
  1168 | D:2      | 1168 ||| READING scroll labelled OKHATUUMOU.
  1900 | D:1      | Reached ** piety under Trog
  1901 | D:1      | Reached XP level 4. HP: 39/39 MP: 3/3
  1938 | D:1      | Reached skill level 6 in Axes
  2102 | D:1      | Found a faded altar of an unknown god.
  2105 | D:1      | 2105 ||| READING scroll labelled WOUNYX FOXY.
  2109 | D:1      | 2109 ||| READING 2 scrolls of identify.
  2109 | D:1      | 2109 ||| IDENTIFYING red potion
  2110 | D:1      | 2110 ||| DROPPING potion of ambrosia.
  2184 | D:2      | 2184 ||| Stepping ~*~*~tactically~*~*~ (stealth).
  2187 | D:2      | 2187 ||| Stepping ~*~*~tactically~*~*~ (stealth).
  2195 | D:2      | 2195 ||| Stepping ~*~*~tactically~*~*~ (stealth).
  2196 | D:2      | 2196 ||| INVOKING Berserk.
  2387 | D:2      | 2387 ||| READING scroll labelled LUDDAR ERYOPT.
  2388 | D:2      | 2388 ||| READING scroll labelled ECZE KO AMOEM.
  2437 | D:3      | 2437 ||| Stepping ~*~*~tactically~*~*~ (hiding).
  2540 | D:3      | 2540 ||| Stepping ~*~*~tactically~*~*~ (hiding).
  2566 | D:3      | 2566 ||| Stepping ~*~*~tactically~*~*~ (hiding).
  2569 | D:3      | 2569 ||| INVOKING Berserk.
  2572 | D:3      | Reached skill level 7 in Axes
  2572 | D:3      | Reached XP level 5. HP: 45/45 MP: 4/4
  2809 | D:3      | Found a transporter.
  3097 | D:3      | Found a transporter.
  3263 | D:3      | 3263 ||| Stepping ~*~*~tactically~*~*~ (stealth).
  3265 | D:3      | 3265 ||| Stepping ~*~*~tactically~*~*~ (hiding).
  3385 | D:3      | 3385 ||| UPGRADING to +0 scale mail.
  3395 | D:3      | 3395 ||| DROPPING +0 animal skin.
  3396 | D:3      | 3396 ||| UPGRADING to +0 plate armour.
  3406 | D:3      | 3406 ||| DROPPING +0 scale mail.
  3407 | D:3      | 3407 ||| READING scroll labelled XUTEQ MOXKILOPYE.
  3408 | D:3      | 3408 ||| READING 2 scrolls of identify.
  3408 | D:3      | 3408 ||| IDENTIFYING green potion
  3455 | D:4      | 3455 ||| STAIRDANCE
  3462 | D:4      | 3462 ||| INVOKING Berserk.
  3464 | D:4      | Reached skill level 3 in Armour
  3470 | D:4      | 3470 ||| FLEEEEING.
  3479 | D:4      | 3479 ||| STAIRDANCE
  3521 | D:4      | 3521 ||| STAIRDANCE
  3542 | D:4      | 3542 ||| STAIRDANCE
  3589 | D:4      | 3589 ||| Stepping ~*~*~tactically~*~*~ (stealth).
  3591 | D:4      | 3591 ||| Stepping ~*~*~tactically~*~*~ (stealth).
  3592 | D:4      | 3592 ||| Stepping ~*~*~tactically~*~*~ (stealth).
  3593 | D:4      | Found a hide-covered altar of Uskayaw.
  3608 | D:4      | 3608 ||| INVOKING Berserk.
  3859 | D:4      | 3859 ||| Stepping ~*~*~tactically~*~*~ (hiding).
  3863 | D:4      | 3863 ||| Stepping ~*~*~tactically~*~*~ (hiding).
  3985 | D:4      | Noticed Edmund
  3991 | D:4      | 3991 ||| INVOKING Berserk.
  3996 | D:4      | Killed Edmund
  3997 | D:4      | Reached skill level 8 in Axes
  3997 | D:4      | Reached XP level 6. HP: 52/52 MP: 5/5
  4141 | D:4      | 4141 ||| DROPPING +0 flail.
  4153 | D:4      | 4153 ||| DROPPING +2 mace of venom.
  4313 | D:4      | 4313 ||| READING scroll labelled VAM VIVOTYHO.
  4314 | D:4      | 4314 ||| DRINKING 2 sapphire potions.
  4315 | D:4      | 4315 ||| READING 4 scrolls of identify.
  4315 | D:4      | 4315 ||| IDENTIFYING amethyst potion
  4316 | D:4      | 4316 ||| READING 3 scrolls of identify.
  4316 | D:4      | 4316 ||| IDENTIFYING cyan potion
  4317 | D:4      | 4317 ||| READING 2 scrolls of identify.
  4317 | D:4      | 4317 ||| IDENTIFYING viscous inky potion
  4318 | D:4      | 4318 ||| DROPPING potion of brilliance.
  4319 | D:4      | 4319 ||| DROPPING potion of attraction.
  4322 | D:5      | Entered Level 5 of the Dungeon
  4338 | D:5      | 4338 ||| INVOKING Berserk.
  4535 | D:5      | Noticed a water moccasin
  4541 | D:5      | Killed a water moccasin
  4542 | D:5      | Reached skill level 9 in Axes
  4542 | D:5      | Reached XP level 7. HP: 46/59 MP: 6/6
  4654 | D:5      | Found a sacrificial altar of Ru.
  4692 | D:5      | Found a shadowy altar of Dithmenos.
  4845 | D:5      | 4845 ||| INVOKING Berserk.
  4845 | D:5      | HP: 19/88 [gnoll/+0 flail (10)]
  4847 | D:5      | HP: 9/88 [gnoll/+0 flail (3)]
  4853 | D:5      | Slain by a gnoll

Levels and vault maps discovered:
D:1:      co_arrival_square_in_a_square_in_a_square, layout_basic,
          dilly_ecumenical_altar_fadedgnrine
D:2:      layout_basic, minmay_misc_feat_room
D:3:      gammafunk_steamed_eel, layout_loops_ring
D:4:      layout_rooms, kennysheep_mini, uniq_edmund
D:5:      layout_basic, mainiacjoe_overflow_catch_the_wave,
          chequers_serial_rivers_micro_d

Skill      XL: |  1  2  3  4  5  6  7 |
---------------+----------------------+-----
Axes           | 4 5 7 8 9 |  9.4
Fighting       | 4 |  4.4
Armour         | 3 4 |  4.0
Dodging        | |  2.1

Action                   |  1- 3 |  4- 6 |  7- 9 || total
-------------------------+-------+-------+-------++-------
Melee: Hand axe          |    15 |       |       ||    15
       Headbutt          |    10 |    10 |     3 ||    23
       War axe           |    59 |    68 |    21 ||   148
Throw: Boomerang         |     2 |    44 |     3 ||    49
Invok: Berserk           |       |     6 |     1 ||     7
  Use: Scroll            |     3 |    10 |       ||    13
       Potion            |       |     1 |       ||     1
Armor: Animal skin       |    13 |     1 |       ||    14
       Plate armour      |       |    30 |    18 ||    48
Dodge: Dodged            |    41 |    23 |    19 ||    83

Table legend:
 A = Non-vault XP
 B = Vault XP
 C = Vault XP percentage of total XP
 D = Non-vault monster count
 E = Vault monster count
 F = Vault count percentage of total count
                 A         B        C        D         E       F
            +---------+---------+-------+---------+---------+-------
      Total |     809 |     164 |  16.9 |      96 |       1 |   1.0
            +---------+---------+-------+---------+---------+-------
        D:1 |      49 |       0 |   0.0 |      29 |       0 |   0.0
        D:2 |     110 |       0 |   0.0 |      22 |       0 |   0.0
        D:3 |      85 |       0 |   0.0 |      17 |       0 |   0.0
        D:4 |     127 |     164 |  56.4 |      17 |       1 |   5.6
        D:5 |     438 |       0 |   0.0 |      11 |       0 |   0.0
            +---------+---------+-------+---------+---------+-------
